 Dungeon Sprint DCSS version 0.28.0-53-g5a82cb258f (webtiles) character file.

Game seed: 12028045595391999356

30053 Groucho the Warrior (level 13, -13/142 HPs)
             Began as a Naga Fighter on July 19, 2022.
             Was the Champion of Cheibriados.
             Mangled by an alligator snapping turtle (20 damage)
             ... in the Dungeon (Sprint VII: "The Pits").
             The game lasted 00:17:49 (7925 turns).

Groucho the Warrior (Naga Fighter)                  Turns: 7925, Time: 00:17:49

Health: -13/142    AC: 22    Str: 35    XL:     13   Next: 49%
Magic:  7/25       EV: 10    Int: 26    God:    Cheibriados [******]
Gold:   40         SH:  9    Dex: 27    Spells: 28/28 levels left

rFire   . . .      SeeInvis +   p - +4 broad axe (elec)
rCold   . . .      Faith    .   c - +0 buckler
rNeg    . . .      Spirit   .   u - +4 chain mail
rPois   +          Reflect  .   (no helmet)
rElec   .          Harm     .   t - +0 cloak
rCorr   .          Rampage  .   (no gloves)
Will    +....      NoTele   +   (no barding)
Stlth   ..........              (no amulet)
HPRegen 0.33/turn               g - +3 ring of evasion
MPRegen 0.19/turn               l - +3 ring of protection

@: very slow
A: AC +4, large, see invisible, deformed body, poison resistance, slowness 2,
spit poison 1, naga tail 2
a: Spit Poison, Renounce Religion, Bend Time, Temporal Distortion, Slouch, Step
From Time


You were in the Dungeon.
You worshipped Cheibriados.
Cheibriados was exalted by your worship.
You visited 1 branch You collected 40 gold pieces.

Inventory:

Hand Weapons
 p - a +4 broad axe of electrocution (weapon)
 r - a +2 morningstar of protection
Missiles
 b - 3 throwing nets
 o - 39 stones
Armour
 c - a +0 buckler (worn)
 t - a +0 cloak (worn)
 u - a +4 chain mail (worn)
Jewellery
 g - a +3 ring of evasion (left hand)
 l - a +3 ring of protection (right hand)
Scrolls
 j - 3 scrolls of blinking
 k - 9 scrolls of identify
 m - 5 scrolls of amnesia
 n - a scroll of summoning
 v - 2 scrolls of enchant weapon
 w - 2 scrolls of fog
 x - 2 scrolls of enchant armour
Potions
 a - 2 potions of invisibility
 d - 2 potions of might
 e - 3 potions of brilliance
 f - 7 potions of curing
 h - 3 potions of magic
 i - 5 potions of berserk rage
 q - 3 potions of mutation


   Skills:
 + Level 16.6 Fighting
 + Level 16.4 Axes
 + Level 14.1 Armour
 + Level 14.1 Shields
 + Level 8.3 Spellcasting
 - Level 14.0 Invocations


You had 28 spell levels left.
You didn't know any spells.
Your spell library was empty.

Dungeon Overview and Level Annotations

Branches:
Dungeon (1/1)

Altars:
Ashenzari
Cheibriados
Dithmenos
Elyvilon
Fedhas
Gozag
Hepliaklqana
Kikubaaqudgha
Makhleb
Nemelex Xobeh
Okawaru
Qazlal
Ru
Sif Muna
Trog
Uskayaw
Vehumet
Wu Jian
Xom
Yredelemnul
Zin
The Shining One
Beogh
Jiyva
Lugonu


Innate Abilities, Weirdness & Mutations

Your serpentine skin is tough. (AC +4)
You have supernaturally acute eyesight. (SInv)
Armour fits poorly on your strangely shaped body.
Your system is resistant to poisons. (rPois)
You cover ground very slowly.
You can spit poison.
You can use your snake-like lower body to constrict enemies.


Message History

Your Shields skill increases to level 14!
Unknown command.
Unknown command.
The alligator snapping turtle bites you but does no damage.
The alligator snapping turtle bites you!!
The alligator snapping turtle barely misses you.
Items here: )) [ †.
You slice the alligator snapping turtle!!
You grab the alligator snapping turtle.
The alligator snapping turtle is heavily wounded.
You constrict the alligator snapping turtle.
Unknown command.
Unknown command.
You hit the alligator snapping turtle but do no damage.
The alligator snapping turtle is heavily wounded.
You constrict the alligator snapping turtle.
The alligator snapping turtle bites you!!!
* * * LOW HITPOINT WARNING * * *
Unknown command.
Unknown command.
Unknown command.
You slash the alligator snapping turtle!
The alligator snapping turtle is severely wounded.
You constrict the alligator snapping turtle.
You feel better.
You constrict the alligator snapping turtle, but do no damage.
The alligator snapping turtle barely misses you.
You completely miss the alligator snapping turtle.
The alligator snapping turtle is severely wounded.
You constrict the alligator snapping turtle.
The alligator snapping turtle bites you!
* * * LOW HITPOINT WARNING * * *
You slash the alligator snapping turtle!
The alligator snapping turtle is severely wounded.
You constrict the alligator snapping turtle.
You completely miss the alligator snapping turtle.
The alligator snapping turtle is almost dead.
You constrict the alligator snapping turtle, but do no damage.
The alligator snapping turtle bites you!!
You die...

##########################+#
............)..............#
)...........)..............#
#########''##############).#
..'))#...)....# ..+ #..#
..#.)#...)))..# ...# #..#
..#######))#######...####..#
..)..#..))))..#..t......#..#
..)..).......)..@.†.....#..#
....)#........#.).......#..#
#'##.####..####.##+###+##..#
#))#.# #### #)# #..# #))#.+
+.# #..# ###### ### #++#
####### #..#.=# #..#..#


You could see an alligator snapping turtle.

Vanquished Creatures
  Frances (D)
  2 orc warlords (D)
  A vampire knight (D)
  An eidolon (D)
  A fire dragon (D)
  2 vault guards (D)
  A great orb of eyes (D)
  3 naga warriors (D)
  A hydra (D)
  Harold (D)
  A rakshasa (D)
  A catoblepas (D)
  An anaconda (D)
  A two-headed ogre (D)
  A death yak (D)
  Sonja (D)
  A shadow wraith (D)
  3 deep elf knights (D)
  A bog body (D)
  2 deep elf pyromancers (D)
  11 orc knights (D)
  A cyclops (D)
  2 elephants (D)
  A cane toad (D)
  A gargoyle (D)
  A kobold demonologist (D)
  A komodo dragon (D)
  A freezing wraith (D)
  A troll (D)
  A polar bear (D)
  5 blink frogs (D)
  A snapping turtle (D)
  6 dream sheep (D)
  3 jumping spiders (D)
  A flying skull (D)
  Eustachio (D)
  2 wyverns (D)
  A fire bat (D)
  5 yaks (D)
  4 redbacks (D)
  An acid dragon (D)
  A floating eye (D)
  An orc warrior (D)
  2 ogres (D)
  5 wolves (D)
  2 centaurs (D)
  A scorpion (D)
  4 wights (D)
  A killer bee (D)
  A crimson imp (D)
  2 hounds (D)
  A quasit (D)
  A jelly (D)
  An orc priest (D)
  Terence (D)
  An iguana (D)
  4 orc wizards (D)
  2 gnolls (D)
  A worm (D)
  8 orcs (D)
  A bat zombie (D)
  A goblin (D)
  6 jackals (D)
  3 quokkas (D)
  A ball python skeleton (D)
  A bat (D)
  A jackal skeleton (D)
  A jackal zombie (D)
133 creatures vanquished.

Notes
Turn   | Place    | Note
-------+----------+-------------------------------------------
     0 | D        | Groucho the Naga Fighter began the quest for the Orb.
     0 | D        | Reached XP level 1. HP: 21/21 MP: 1/1
    39 | D        | Found a bloodstained altar of Trog.
    39 | D        | Found a shimmering blue altar of Sif Muna.
    39 | D        | Found a viscous altar of Jiyva.
    39 | D        | Found a hazy altar of Hepliaklqana.
    39 | D        | Found an opulent altar of Gozag.
    40 | D        | Found a glowing golden altar of the Shining One.
    40 | D        | Found a glowing silver altar of Zin.
    40 | D        | Found a basalt altar of Yredelemnul.
    40 | D        | Found a shimmering altar of Xom.
    40 | D        | Found an ornate altar of the Wu Jian Council.
    40 | D        | Found a sacrificial altar of Ru.
    40 | D        | Found a stormy altar of Qazlal.
    40 | D        | Found an iron altar of Okawaru.
    40 | D        | Found a sparkling altar of Nemelex Xobeh.
    40 | D        | Found a burning altar of Makhleb.
    40 | D        | Found a blossoming altar of Fedhas.
    40 | D        | Found a white marble altar of Elyvilon.
    40 | D        | Found a shadowy altar of Dithmenos.
    40 | D        | Found a snail-covered altar of Cheibriados.
    42 | D        | Found a radiant altar of Vehumet.
    42 | D        | Found a corrupted altar of Lugonu.
    43 | D        | Found a hide-covered altar of Uskayaw.
    43 | D        | Found an ancient bone altar of Kikubaaqudgha.
    43 | D        | Found a broken altar of Ashenzari.
    53 | D        | Became a worshipper of Cheibriados the Contemplative
    77 | D        | Reached * piety under Cheibriados
    82 | D        | Noticed a scorpion
    94 | D        | Killed a scorpion
    95 | D        | Reached XP level 2. HP: 13/31 MP: 2/2
    95 | D        | Reached XP level 3. HP: 16/38 MP: 3/3
    95 | D        | Reached XP level 4. HP: 19/45 MP: 4/4
    95 | D        | Reached ** piety under Cheibriados
   439 | D        | Noticed a centaur
   440 | D        | Reached *** piety under Cheibriados
   445 | D        | Killed a centaur
   445 | D        | Reached **** piety under Cheibriados
   446 | D        | Reached skill level 5 in Fighting
   446 | D        | Reached skill level 5 in Axes
   446 | D        | Reached XP level 5. HP: 23/55 MP: 5/5
   451 | D        | Reached skill level 5 in Armour
   451 | D        | Reached skill level 5 in Shields
   452 | D        | Reached ***** piety under Cheibriados
   814 | D        | Noticed a fire bat
   825 | D        | Killed a fire bat
   826 | D        | Reached XP level 6. HP: 28/66 MP: 6/6
   827 | D        | Reached ****** piety under Cheibriados
  1192 | D        | Noticed Terence
  1195 | D        | Killed Terence
  1210 | D        | Reached skill level 1 in Invocations
  1210 | D        | Reached XP level 7. HP: 62/73 MP: 7/7
  1355 | D        | Noticed a flying skull
  1371 | D        | Killed a flying skull
  1394 | D        | Noticed a cyclops
  1398 | D        | Noticed a polar bear
  1408 | D        | Killed a polar bear
  1409 | D        | Reached XP level 8. HP: 33/85 MP: 0/11
  1410 | D        | HP: 3/85 [cyclops/large rock (31)]
  1415 | D        | Killed a cyclops
  1416 | D        | Reached skill level 5 in Invocations
  2197 | D        | Noticed a shadow wraith
  2197 | D        | Noticed a blink frog
  2197 | D        | Noticed a blink frog
  2197 | D        | Noticed a blink frog
  2197 | D        | Noticed a blink frog
  2197 | D        | Noticed a blink frog
  2198 | D        | Killed a blink frog
  2198 | D        | Killed a blink frog
  2198 | D        | Killed a blink frog
  2198 | D        | Killed a blink frog
  2198 | D        | Killed a blink frog
  2199 | D        | Reached skill level 10 in Fighting
  2199 | D        | Reached skill level 10 in Axes
  2199 | D        | Reached XP level 9. HP: 94/94 MP: 7/14
  2202 | D        | Killed a shadow wraith
  2525 | D        | Noticed a bog body
  2526 | D        | Noticed Sonja
  2528 | D        | Killed a bog body
  2528 | D        | Killed Sonja
  2529 | D        | Reached XP level 10. HP: 105/105 MP: 10/16
  2531 | D        | Reached skill level 10 in Armour
  2531 | D        | Reached skill level 10 in Shields
  2913 | D        | Noticed a gargoyle
  2914 | D        | Killed a gargoyle
  2917 | D        | Reached skill level 10 in Invocations
  2925 | D        | Noticed an eidolon
  2925 | D        | Noticed a catoblepas
  2926 | D        | Noticed Harold
  2929 | D        | Killed an eidolon
  2930 | D        | Reached XP level 11. HP: 109/115 MP: 1/19
  2935 | D        | Killed a catoblepas
  2939 | D        | Killed Harold
  3552 | D        | Noticed a deep elf pyromancer
  3552 | D        | Noticed Eustachio
  3552 | D        | Noticed a rakshasa
  3552 | D        | Noticed a death yak
  3552 | D        | Noticed a deep elf pyromancer
  3562 | D        | Killed a deep elf pyromancer
  3562 | D        | Killed Eustachio
  3563 | D        | Killed a death yak
  3566 | D        | Killed a deep elf pyromancer
  3567 | D        | Killed a rakshasa
  3999 | D        | Reached skill level 1 in Spellcasting
  3999 | D        | Reached XP level 12. HP: 111/128 MP: 21/21
  4164 | D        | Noticed a great orb of eyes
  4171 | D        | Killed a great orb of eyes
  4552 | D        | Noticed Frances
  4552 | D        | Noticed a two-headed ogre
  4561 | D        | Killed a two-headed ogre
  4565 | D        | Killed Frances
  5066 | D        | Noticed an orc warlord
  5067 | D        | Noticed an orc warlord
  5067 | D        | Noticed a vampire knight
  5071 | D        | Killed a vampire knight
  5072 | D        | Reached skill level 15 in Fighting
  5072 | D        | Reached skill level 15 in Axes
  5072 | D        | Reached skill level 5 in Spellcasting
  5072 | D        | Killed an orc warlord
  5075 | D        | HP: 5/132 [orc knight/+0 bardiche (33)]
  5092 | D        | Killed an orc warlord
  5093 | D        | Gained mutation: You can use your snake-like lower body to
                  | constrict enemies. [Naga growth]
  5093 | D        | Reached XP level 13. HP: 19/140 MP: 13/23
  7601 | D        | Noticed a naga warrior
  7601 | D        | Noticed a vault guard
  7601 | D        | Noticed a fire dragon
  7606 | D        | Killed a vault guard
  7606 | D        | Killed a fire dragon
  7609 | D        | Killed a naga warrior
  7837 | D        | Found the +13 scythe of Curses {drain, Drain}
  7899 | D        | Noticed a vault guard
  7905 | D        | Killed a vault guard
  7907 | D        | Noticed a naga warrior
  7907 | D        | Noticed a naga warrior
  7917 | D        | Killed a naga warrior
  7917 | D        | Killed a naga warrior
  7923 | D        | HP: 6/142 [alligator snapping turtle (11)]
  7925 | D        | Mangled by an alligator snapping turtle

Illustrated notes

Levels and vault maps discovered:
D:        pitsprint [storerooms_1, entrance_room_1, metal_vault_1, armoury_2,
          mini_pit_1, grid_room_1, main_hall_1, silver_pit, the_coven_1,
          the_vestibule_1, steel_vault_4, golden_pit, hallway_of_sentries,
          crystal_vault_3, iron_vault_4, final_vault]

Skill      XL: |  1  2  3  4  5  6  7  8  9 10 11 12 13 |
---------------+----------------------------------------+-----
Fighting       | 4 5 7 9 10 11 12 14 15 16 | 16.6
Axes           | 4 5 6 7 8 10 11 12 14 15 16 | 16.4
Armour         | 3 4 6 7 8 9 10 12 13 14 | 14.1
Shields        | 3 4 5 6 7 8 9 10 12 13 14 | 14.1
Invocations    | 1 4 7 9 11 13 14 | 14.0
Spellcasting   | 1 6 8 |  8.3

Action                   |  1- 3 |  4- 6 |  7- 9 | 10-12 | 13-15 || total
-------------------------+-------+-------+-------+-------+-------++-------
Melee: Hand axe          |    18 |    49 |    37 |       |       ||   104
       War axe           |     3 |       |       |       |       ||     3
       Broad axe         |       |       |     4 |    69 |    31 ||   104
       Constrict         |       |       |       |       |     6 ||     6
Invok: Slouch            |       |     1 |     5 |    26 |     7 ||    39
 Abil: Spit Poison       |     1 |       |     1 |       |       ||     2
  Use: Potion            |     1 |     3 |     4 |    11 |     1 ||    20
 Stab: Distracted        |       |       |       |       |     1 ||     1
Armor: Scale mail        |     4 |     4 |       |       |       ||     8
       Chain mail        |       |    17 |    18 |    39 |     9 ||    83
Dodge: Dodged            |     9 |    18 |    21 |    47 |    10 ||   105
Block: Buckler           |     5 |    20 |    13 |    52 |    14 ||   104
